[Event "*** Titled Tuesday Blitz"]
[Site "Chess.com"]
[Date "2020.02.04"]
[Round "1"]
[White "novocane"]
[Black "Mikhail_Golubev"]
[Result "0-1"]
[WhiteElo "2154"]
[BlackElo "2555"]
[TimeControl "180+2"]
[EndTime "13:09:56 PST"]
[Termination "Mikhail_Golubev won by resignation"]

1. d4 Nf6 2. c4 g6 3. Nc3 Bg7 4. e4 d6 5. f3 O-O 6. Bg5 a6 7. Qd2 Nc6 8. Rc1 Re8 9. Nge2 e5 10.
d5 Nd4 11. Nxd4 exd4 12. Qxd4 Nxe4 13. Qxg7+ Kxg7 14. Bxd8 Nxc3+ 15. Kd2 Nxa2 16. Ra1 Rxd8 17. Rxa2 Re8 18. Bd3 Bd7 19. b4 h5 20. Rc1 h4 21. c5 dxc5 22. bxc5 c6 23. d6 Re5 24. Rb2 Ra7 25. Bf1 a5 26. Kd3 a4 27. Kd4 Rd5+ 28.
Kc4 a3 29. Rb6 a2 30. Ra1 Be6 31. Kb4 Kf8 32. Be2 Ke8 33. Bd1 Rd4+ 34. Kc3 Rxd1 35. Rxd1 a1=Q+ 36. Rxa1 Rxa1 37. Rxb7 Rc1+ 38. Kd4 Rc4+ 39.
Ke5 Rxc5+ 40. Kf6 Rf5+ 41. Kg7 Rd5 42. Re7+ Kd8 43. Ra7 c5 44. g4 hxg3 45. hxg3 c4 46. g4 Rxd6 47. g5 Rc6 48. Ra2 c3 49. Rc2 Bf5 50. Rc1 Rc7 51. f4 c2 52. Kf8 Kc8 53.
Ke8 Rb7 54. Kf8 Rb1 0-1

[Event "*** Titled Tuesday Blitz"]
[Site "Chess.com"]
[Date "2020.02.04"]
[Round "1"]
[White "DenishevM"]
[Black "albano87"]
[Result "1-0"]
[WhiteElo "2520"]
[BlackElo "1889"]
[TimeControl "180+2"]
[EndTime "13:09:57 PST"]
[Termination "DenishevM won on time"]

1. d4 d5 2. c4 e6 3. Nf3 Nf6 4. Nc3 Be7 5. Bg5 Nbd7 6. e3 O-O 7. Rc1 b6 8. cxd5 exd5 9. Bd3 Bb7 10. O-O c5 11.
Bb1 Ne4 12. Bxe7 Qxe7 13. dxc5 Nxc3 14. Rxc3 bxc5 15. Qc2 g6 16. Rd1 Rac8 17. Qa4 a6 18. Rb3 Nf6 19. Qh4 Bc6 20. Rb6 Kg7 21. Rxa6 Qb7 22.
Ra3 Qxb2 23. Rb3 Qe2 24. Re1 Qa6 25. Rc3 Qa5 26. Rcc1 Rfe8 27. Qg5 Bb7 28. Nh4 Qb6 29. Bf5 Rc6 30. Rb1 Qa5 31. Rec1 Bc8 32. Bxc8 Rexc8 33. Rb7 Qd2 34. Rf1 Qd3 35. Nf3 R6c7 36. Rb6 Qf5 37. Qg3 Rc6 38. Rb7 Ne4 39. Qh4 Qf6 40. Qg4 Nd6 41.
Rbb1 Qf5 42. Qa4 Nc4 43. Rfd1 Rf6 44. Qb3 Qg4 45. h3 Qh5 46. Qc3 Rc6 47. a4 Kh6 48.
a5 Rxf3 49. gxf3 Ne5 50. e4 Qxh3 51. Qxe5 Qxf3 52. Rxd5 Rf6 53. Qg3 Qxe4 54. Rbd1 Rf4 55. Qg5+ Kg7 56. Qe5+ Qxe5 57. Rxe5 c4 58. Rc5 1-0

[Event "*** Titled Tuesday Blitz"]
[Site "Chess.com"]
[Date "2020.02.04"]
[Round "1"]
[White "sergiochess83"]
[Black "enriquetejedor"]
[Result "1-0"]
[WhiteElo "2909"]
[BlackElo "2481"]
[TimeControl "180+2"]
[EndTime "13:10:01 PST"]
[Termination "sergiochess83 won by checkmate"]

1. e4 c5 2. Nf3 e6 3. d4 cxd4 4. Nxd4 Nc6 5. Nc3 Nf6 6. Ndb5 Bb4 7. a3 Bxc3+ 8. Nxc3 d5 9. exd5 exd5 10. Bd3 O-O 11. O-O d4 12. Ne2 Bg4 13. Bf4 Re8 14. Re1 Qd5 15. Qd2 Rad8 16. Ng3 a6 17. h3 Bc8 18. Bg5 Qd6 19. Rxe8+ Rxe8 20. Re1 Rxe1+ 21. Qxe1 Qe5 22. Qxe5 Nxe5 23. Bxf6 gxf6 24. Nh5 Nxd3 25. cxd3 f5 26. Kf1 b6 27. Nf6+ Kg7 28. Nd5 b5 29.
Nb4 Bb7 30. f4 a5 31. Nc2 Ba6 32. Ke2 Bb7 33. Nxd4 Bxg2 34. h4 b4 35. axb4 axb4 36. Nc2 b3 37. Nd4 Kg6 38. Nxb3 Kh5 39. Kf2 Bd5 40.
Na5 Kxh4 41. Nc4 Bc6 42. b4 f6 43. Ne3 h5 44. d4 Kh3 45. d5 Bd7 46. d6 h4 47. Nd5 Kh2 48. Nxf6 Bc6 49. d7 Bxd7 50. Nxd7 h3 51. Nf6 Kh1 52. Nh5 Kh2 53. b5 Kh1 54. b6 h2 55. Ng3# 1-0

[Event "*** Titled Tuesday Blitz"]
[Site "Chess.com"]
[Date "2020.02.04"]
[Round "1"]
[White "MisiekZielony"]
[Black "Dhaydon19"]
[Result "0-1"]
[WhiteElo "2336"]
[BlackElo "2670"]
[TimeControl "180+2"]
[EndTime "13:10:06 PST"]
[Termination "Dhaydon19 won on time"]

1. c4 c6 2. Nc3 d5 3. cxd5 cxd5 4. d4 Nf6 5. Nf3 Nc6 6. Bf4 Bf5 7. e3 e6 8. Bb5 Bd6 9. Ne5 Qc7 10. O-O O-O 11.
Bxc6 bxc6 12. Na4 Nd7 13. Nxd7 Qxd7 14. Bxd6 Qxd6 15. Nc5 Rfb8 16. b3 e5 17. Rc1 Rb4 18. Qd2 a5 19. dxe5 Qxe5 20. Qc3 d4 21. exd4 Rxd4 22.
Rcd1 Rd5 23. Na4 Qxc3 24. Nxc3 Rc5 25. Rc1 h5 26. f3 Rd8 27. Na4 Rxc1 28. Rxc1 Rd2 29.
Rxc6 Rxa2 30. Rc5 Be6 31. Rxa5 Bxb3 32. Ra8+ Kh7 33. Nb6 Rb2 34. Ra7 h4 35. h3 Kg6 36.
Nd7 Kg5 37. Nc5 Bc4 38. Ra4 Rc2 39. Ne4+ Kg6 40. Nd6 Be6 41. Rxh4 Kg5 42. Rd4 Rc1+ 43. Kh2 Kf6 44. Ne4+ Ke5 45. Rd8 Kf4 46. Nd6 Rd1 47.
Nxf7 Ra1 48. Nd6 Ra2 49. Re8 Ke5 50. Nf7+ Kf6 51. Nd8 Bd5 52. Re3 Ra8 53. Nc6 Bxc6 54. Rd3 Ke6 55. Rd4 Ra2 56. Rg4 Kf6 57. h4 g6 58. Rc4 Bd5 59. Rf4+ Ke5 60. Kg3 Rxg2+ 61. Kxg2 Kxf4 0-1

[Event "*** Titled Tuesday Blitz"]
[Site "Chess.com"]
[Date "2020.02.04"]
[Round "1"]
[White "Abund"]
[Black "Terao90"]
[Result "0-1"]
[WhiteElo "2720"]
[BlackElo "2416"]
[TimeControl "180+2"]
[EndTime "13:10:10 PST"]
[Termination "Terao90 won by checkmate"]

1. e4 c5 2. Nf3 Nc6 3. Bb5 e6 4. O-O Nge7 5. Re1 a6 6. Bf1 d5 7. Nc3 dxe4 8. Nxe4 Nf5 9. Ng3 Nfd4 10. c3 Nxf3+ 11. Qxf3 Be7 12. Nh5 O-O 13. d3 g6 14.
Bh6 Re8 15. Qg3 Bf8 16. Bg5 Be7 17. Bh6 Bh4 18. Qf3 f5 19. Ng3 Bg5 20. Bxg5 Qxg5 21. d4 cxd4 22. cxd4 Nxd4 23. Qc3 Qf6 24. Rad1 Rd8 25. f4 Kf7 26. Qc7+ Rd7 27. Qb6 Qd8 28.
Qc5 Nc6 29. Be2 Qe7 30. Qc3 Qf6 31. Qb3 Nd4 32. Qe3 b5 33. Bf3 Rb8 34. h3 Bb7 35.
Bxb7 Rbxb7 36. Rd2 Rd6 37. Red1 Rbd7 38. Kh1 Rd5 39. Qf2 e5 40. fxe5 Qxe5 41. Nf1 Ne6 42. Ne3 Rxd2 43. Rxd2 Rxd2 44. Qxd2 Qd4 45. Qe2 Nc5 46. Qf3 Ne4 47. b3 Ke6 48. h4 Ke5 49.
Kh2 h5 50. g3 Qd2+ 51. Ng2 Qf2 52. Qd3 Qd4 53. Qf3 Nf2 54. Nf4 Ng4+ 55. Kh3 Qd2 56.
Nxg6+ Kf6 57. Qc6+ Kg7 58. Qc7+ Kxg6 59. Qc6+ Nf6 60.
Qe6 Qd5 61. Qe3 Qh1# 0-1

[Event "*** Titled Tuesday Blitz"]
[Site "Chess.com"]
[Date "2020.02.04"]
[Round "1"]
[White "isla88"]
[Black "Misi_95"]
[Result "0-1"]
[WhiteElo "2332"]
[BlackElo "2660"]
[TimeControl "180+2"]
[EndTime "13:10:10 PST"]
[Termination "Misi_95 won by resignation"]

1. c4 e5 2. Nc3 Nf6 3. Nf3 Nc6 4. e3 Bb4 5. Qc2 O-O 6. Nd5 Bc5 7. Ng5 g6 8. Nxf6+ Qxf6 9. Ne4 Qe7 10. a3 a5 11.
Nxc5 Qxc5 12. Qc3 a4 13. Be2 d6 14. O-O f5 15. b4 axb3 16. Qxb3 Be6 17. d3 b6 18. Bb2 f4 19. exf4 Rxf4 20. Bf3 Rxf3 21. gxf3 Nd4 22. Bxd4 Qxd4 23. Rfe1 Rf8 24. Qd1 Qh4 25.
Re4 Qh5 26. f4 Bg4 27. Qd2 Bf3 28. fxe5 Qh3 29. Qg5 Bxe4 30. dxe4 dxe5 31. Qxe5 Qg4+ 32. Kf1 Qf3 33. Qd5+ Kg7 34. Qe5+ Kh6 35. Ra2 Rd8 36. Ra1 Rd2 37. Qg3 Qh1+ 38. Qg1 Qxe4 39. Re1 Qxc4+ 40. Kg2 Qg4+ 41. Kf1 Qc4+ 42. Kg2 Qd5+ 43. Kf1 Qd3+ 44. Kg2 Qxa3 45. Re3 Qa8+ 46. Kh3 Rd5 47. f3 Rg5 48. Qc1 Qc8+ 49. Kh4 Rh5+ 50. Kg3 Qh3+ 51. Kf2 Qxh2+ 52. Ke1 Qg1+ 53. Kd2 Rd5+ 54. Rd3 Qxc1+ 0-1

[Event "*** Titled Tuesday Blitz"]
[Site "Chess.com"]
[Date "2020.02.04"]
[Round "1"]
[White "Ceejay271"]
[Black "Grandelicious"]
[Result "0-1"]
[WhiteElo "2276"]
[BlackElo "2626"]
[TimeControl "180+2"]
[EndTime "13:10:12 PST"]
[Termination "Grandelicious won by resignation"]

1. Nf3 c5 2. g3 Nc6 3. Bg2 g6 4. O-O Bg7 5. c3 e5 6. d3 Nge7 7. e4 O-O 8. Nbd2 d6 9. a4 h6 10.
Nc4 Be6 11. Nfd2 Qd7 12. f4 exf4 13. gxf4 d5 14. exd5 Nxd5 15. Ne4 b6 16. Ng3 Bg4 17. Bf3 Bh3 18. Re1 Rae8 19. Bd2 h5 20. Qc2 Bg4 21. Bh1 Bh6 22. Ne5 Nxe5 23. fxe5 Nf4 24. Ne4 Nh3+ 25.
Kg2 Bf3+ 26. Kf1 Bxe4 27. Rxe4 Qf5+ 28. Kg2 Bxd2 29. Qxd2 Ng5 30. Rf4 Qh3+ 31. Kg1 Rxe5 32. Bg2 Qe6 33. Raf1 Re2 34. Qc1 Nh3+ 35. Bxh3 Qxh3 36.
R4f2 Rfe8 37. Qf4 Rxf2 38. Qxf2 Qg4+ 39. Kh1 Re7 40. a5 h4 41. axb6 axb6 42. Qf4 Qe2 43. Qf3 Qxb2 44. c4 Qe2 45. Qxe2 Rxe2 46. Rf6 h3 47. Kg1 Rg2+ 48. Kh1 Rd2 49. Kg1 Rxd3 50. Rxb6 Rd4 51. Rb3 Rg4+ 52. Kf1 Rxc4 53. Rxh3 Rc2 54. Kg1 c4 55. Ra3 c3 56. Ra8+ Kg7 57. Rc8 Kh6 58. Rc5 f5 59. Kh1 Kg5 60. Kg1 Kg4 61. Rc6 g5 62. Rc4+ f4 63. Rc5 Kf3 64. h3 Rc1+ 65.
Kh2 c2 66. Rc3+ Ke4 67. Rc8 f3 68. Re8+ Kd4 69. Rd8+ Ke5 70. Re8+ Kd6 71. Rc8 f2 0-1

[Event "*** Titled Tuesday Blitz"]
[Site "Chess.com"]
[Date "2020.02.04"]
[Round "1"]
[White "SCIM"]
[Black "Sanan_Sjugirov"]
[Result "0-1"]
[WhiteElo "2443"]
[BlackElo "2824"]
[TimeControl "180+2"]
[EndTime "13:10:16 PST"]
[Termination "Sanan_Sjugirov won by resignation"]

1. d4 Nf6 2. c4 g6 3. Nc3 d5 4. cxd5 Nxd5 5. e4 Nxc3 6. bxc3 Bg7 7. Bc4 c5 8. Ne2 Nc6 9. Be3 O-O 10. O-O Bg4 11. d5 Ne5 12. Bb5 a6 13. Ba4 b5 14.
Bc2 Nf3+ 15. Kh1 Qd7 16. h3 Bxh3 17. gxf3 Bxf1 18. Qxf1 b4 19. cxb4 Bxa1 20. Qxa1 cxb4 21. Ng3 Rfc8 22. Bb3 a5 23. Kg2 a4 24. Bh6 f6 25.
Bd1 Qc7 26. Qd4 Qc5 27. Qd3 b3 28. axb3 a3 29. b4 Qc4 30. Qe3 a2 31. d6 exd6 32. Bb3 a1=Q 33. Qd3 Qa6 34. Bxc4+ Qxc4 35. Qxd6 Qf7 36. e5 Rd8 37. Qc6 Rac8 38. Qa6 fxe5 39. Ne4 Kh8 40. b5 Ra8 41. Qc6 Rac8 42. Qb6 Rb8 43.
Qc6 g5 44. Bxg5 Rg8 45. Kf1 Rg6 46. Qc5 Kg8 47. Qxe5 Rf8 48. f4 h6 49. Be7 Qxf4 50.
Qd5+ Qf7 51. Qc5 Re8 52. Nf6+ Rxf6 53. Bxf6 Qxf6 54. Qd5+ Qe6 55. Qd2 Qc4+ 56. Kg1 Qg4+ 57. Kf1 Qh3+ 58. Kg1 Qe6 59. Qf4 Kh7 60. Qc7+ Re7 61.
Qc2+ Qg6+ 0-1

[Event "*** Titled Tuesday Blitz"]
[Site "Chess.com"]
[Date "2020.02.04"]
[Round "1"]
[White "gena217"]
[Black "DanielDardha2005"]
[Result "1/2-1/2"]
[WhiteElo "2985"]
[BlackElo "2529"]
[TimeControl "180+2"]
[EndTime "13:10:26 PST"]
[Termination "Game drawn by repetition"]

1. e4 c5 2. Nf3 Nc6 3. Bb5 Nf6 4. Bxc6 dxc6 5. d3 Bg4 6. Nbd2 e5 7. h3 Bxf3 8. Nxf3 Nd7 9. O-O Bd6 10. g3 Nf8 11.
Kg2 Ne6 12. Be3 O-O 13. Nh4 g6 14. Bh6 Re8 15. Nf3 f6 16. h4 Bf8 17. Bxf8 Rxf8 18. h5 g5 19. Nh2 h6 20. Ng4 Kg7 21. Ne3 Kh7 22. Qg4 Ng7 23. b3 Qc8 24. Qe2 Qe8 25.
Rh1 Qe6 26. a4 b6 27. a5 b5 28. Qf3 a6 29. Qg4 Qxg4 30. Nxg4 Ne6 31. Ne3 Rfd8 32. Kh3 Rd4 33. Nf5 Rd7 34. Kg4 Rf8 35. Raf1 Rfd8 36. Ne3 Kg7 37. Kf3 Nd4+ 38. Kg4 Ne6 39. f3 Re8 40.
Rhg1 Kh7 41. Rf2 Rd4 42. Nf5 Rd7 43. Kh3 Red8 44. Kg2 Rc7 45. Ra1 Rcd7 46. Rb1 Rc7 47. Kf1 Nd4 48. Ne3 Kg7 49. f4 exf4 50. gxf4 Ne6 51.
fxg5 fxg5 52. Nf5+ Kh7 53. Nxh6 Kxh6 54. Rf6+ Kxh5 55.
Rxe6 Rf8+ 56. Kg2 Rcf7 57. Rxc6 Rf2+ 58. Kg1 Rxc2 59. Rxa6 Rff2 60. Re1 Rg2+ 61. Kh1 Rh2+ 62. Kg1 g4 63. e5 Rcg2+ 64. Kf1 g3 65. e6 Rf2+ 66.
Kg1 Rhg2+ 67. Kh1 Rh2+ 68. Kg1 Rfg2+ 69. Kf1 Rf2+ 70. Kg1 1/2-1/2

[Event "*** Titled Tuesday Blitz"]
[Site "Chess.com"]
[Date "2020.02.04"]
[Round "1"]
[White "Rodalquilar"]
[Black "norwaytoadog"]
[Result "1-0"]
[WhiteElo "2638"]
[BlackElo "2298"]
[TimeControl "180+2"]
[EndTime "13:10:26 PST"]
[Termination "Rodalquilar won by resignation"]

1. d4 Nf6 2. Bf4 e6 3. e3 c5 4. c3 Nc6 5. Nd2 d5 6. Ngf3 Bd6 7. Bg3 O-O 8. Bd3 b6 9. Qe2 Bb7 10. Rd1 h6 11. e4 Bxg3 12. hxg3 cxd4 13. cxd4 Nb4 14. e5 Nxd3+ 15. Qxd3 Ne4 16. Qe3 Qd7 17. Nxe4 dxe4 18. Nd2 Qd5 19. b3 b5 20. Rh4 f6 21.
exf6 Rxf6 22. Nxe4 Rf7 23. f3 e5 24. Nc3 exd4 25. Rhxd4 Qf5 26. g4 Qf6 27. Kf1 a6 28. Kg1 Raf8 29. Rd6 Qh4 30. Rd7 Bxf3 31. Rxf7 Rxf7 32.
Rf1 Bc6 33. Qe6 Qe7 34. Qc8+ Be8 35. Rxf7 Qxf7 36. Ne4 Qe7 37. Nc5 Qe3+ 38. Kf1 Kh7 39. Qf5+ Bg6 40. Qd5 Qc1+ 41. Kf2 Qc2+ 42. Kg3 Qxa2 43.
Ne6 Qe2 44. Nf8+ Kh8 45. Nxg6+ Kh7 46. Nf4 Qe3+ 47. Qf3 Qe5 48. Qd3+ Kg8 49. Kf3 a5 50. Qd8+ Kh7 51. Qd3+ Kg8 52. Qd5+ Qxd5+ 53. Nxd5 a4 54.
b4 a3 55. Nc3 Kf7 56. Ke4 Ke6 57. Kd4 Kd6 58. Na2 Kc6 59. Ke5 g5 60. Ke6 Kc7 61. Kd5 Kb6 62. Kd6 Kb7 63. Kc5 Ka6 64.
Kc6 Ka7 65. Kxb5 Kb7 66. Ka4 Kb6 67. Kxa3 1-0

[Event "*** Titled Tuesday Blitz"]
[Site "Chess.com"]
[Date "2020.02.04"]
[Round "1"]
[White "ural58"]
[Black "Kobalia"]
[Result "1-0"]
[WhiteElo "2338"]
[BlackElo "2609"]
[TimeControl "180+2"]
[EndTime "13:10:33 PST"]
[Termination "ural58 won on time"]

1. e4 c6 2. b3 d5 3. Qe2 dxe4 4. Nc3 Nf6 5. Nxe4 Nxe4 6. Qxe4 Qd5 7. Qe3 Bf5 8. Bb2 Nd7 9. Nf3 e6 10. Bc4 Qe4 11. Bd3 Qxe3+ 12. dxe3 Bxd3 13. cxd3 f6 14. Ke2 a5 15. a3 Bd6 16. g4 h5 17. h3 Kf7 18. g5 Ra6 19. Bc3 Nb6 20. a4 Nd5 21. Bd2 Bb4 22. gxf6 gxf6 23. Rhg1 Raa8 24. Bxb4 axb4 25.
Kd2 Rhg8 26. Nd4 e5 27. Nf5 Ke6 28. Ng7+ Kf7 29. Nxh5 Rxg1 30. Rxg1 Rh8 31. Rg7+ Ke6 32. Ng3 b6 33. e4 Ne7 34. Nf5 Nxf5 35. exf5+ Kxf5 36.
Rb7 b5 37. axb5 cxb5 38. Rxb5 Rh4 39. Ke2 Kg5 40. Rb8 Kf5 41. Rb6 Kg5 42. f3 Kf5 43.
Ke3 Kg5 44. Rb7 Kf5 45. Rb8 Kg5 46. Rg8+ Kf5 47. Rg4 Rxh3 48. Rxb4 Rh1 49. d4 Rd1 50. dxe5 fxe5 51. Rb8 Re1+ 52. Kf2 Rb1 53. b4 Rb3 54. b5 e4 55. b6 e3+ 56. Ke2 Ke6 57. b7 Kd7 58. Rh8 Rxb7 59. Rh7+ Kc6 60. Rxb7 Kxb7 61.
Kxe3 Kc6 62. Kf4 Kd6 63. Kf5 Ke7 64. Kg6 Ke6 65. f4 Ke7 66. f5 1-0

[Event "*** Titled Tuesday Blitz"]
[Site "Chess.com"]
[Date "2020.02.04"]
[Round "1"]
[White "Everyfishknows"]
[Black "Justmig"]
[Result "0-1"]
[WhiteElo "2328"]
[BlackElo "2656"]
[TimeControl "180+2"]
[EndTime "13:10:39 PST"]
[Termination "Justmig won by resignation"]

1. Nf3 d5 2. c4 d4 3. b4 Bg4 4. Bb2 Bxf3 5. exf3 Nf6 6. d3 e5 7. g3 Bxb4+ 8. Nd2 O-O 9. Bg2 c6 10. O-O Nbd7 11. Rb1 Qa5 12. Nb3 Qxa2 13. f4 exf4 14. Bxd4 Rfe8 15. Bf3 Ne5 16. Bxe5 Rxe5 17. d4 Ree8 18. Ra1 Qb2 19. Qd3 fxg3 20. hxg3 Qc3 21. Qxc3 Bxc3 22. Rac1 Bb4 23. Rb1 a5 24. c5 Rad8 25.
Rfd1 g6 26. Nc1 Bxc5 27. Rxb7 Bxd4 28. Kg2 c5 29. Nb3 a4 30. Nxd4 cxd4 31. Rb4 a3 32.
Ra4 Rd6 33. Rdxd4 Rxd4 34. Rxd4 Rc8 35. Ra4 Rc3 36. Ra7 Kg7 37. Ra6 h5 38. Ra7 g5 39.
Ra5 Kg6 40. Be2 h4 41. gxh4 gxh4 42. Ra6 Kg7 43. Ra4 h3+ 44. Kh2 Nd5 45. Rg4+ Kf6 46. Ra4 Ke5 47. Bg4 Nf4 48. Ra5+ Kd6 49. Ra4 Nd3 50. f3 Nb2 51. Ra6+ Kc5 52. Kxh3 Nc4 53. Bf5 Kb5 54. Ra8 Rxf3+ 55. Kg4 Rc3 56. Bd7+ Kc5 57.
Rc8+ Kd4 58. Ra8 Rc2 59. Bb5 a2 60. Bxc4 Kxc4 61. Kf5 Rb2 62. Ke4 Kc3 63. Ke3 Kc2 64.
Ke2 Kb1+ 65. Kd1 Rb7 0-1

[Event "*** Titled Tuesday Blitz"]
[Site "Chess.com"]
[Date "2020.02.04"]
[Round "1"]
[White "Teidi96"]
[Black "Snegokhod"]
[Result "0-1"]
[WhiteElo "2300"]
[BlackElo "2636"]
[TimeControl "180+2"]
[EndTime "13:10:44 PST"]
[Termination "Snegokhod won on time"]

1. e4 c5 2. Nf3 e6 3. c3 d5 4. e5 Nc6 5. d4 Qb6 6. Be2 Bd7 7. O-O cxd4 8. cxd4 Nge7 9. Nc3 Nf5 10. Na4 Qa5 11.
Bd2 Qd8 12. Be3 Be7 13. Rc1 g5 14. Nc5 g4 15. Ne1 h5 16. Nxb7 Qb6 17. Nc5 Nxe3 18. fxe3 Nxe5 19. Nxd7 Nxd7 20. Qa4 Qb4 21. Bb5 Qxa4 22.
Bxa4 f5 23. Rc7 Rd8 24. Nd3 Bd6 25. Rxa7 Rh7 26. Rc1 Kf8 27. Ne5 Nf6 28. Rxh7 Nxh7 29. Rc6 Nf6 30. Ng6+ Kg7 31. Nf4 Kf7 32. Kf2 Rb8 33.
Bb3 Ne4+ 34. Ke2 Bxf4 35. exf4 Rb4 36. Ke3 h4 37. Rc8 h3 38. gxh3 gxh3 39. Rh8 Nf6 40. Rxh3 Ng4+ 41. Kf3 Rxd4 42. Rh7+ Kg6 43. Re7 Kf6 44. Rc7 Nxh2+ 45. Kg2 Rd2+ 46. Kg3 Rxb2 47. Rc2 Nf1+ 48. Kf2 Rxc2+ 49. Bxc2 Nd2 50. a4 Nc4 51. Bd3 Na5 52. Ke3 Ke7 53. Kd4 Kd6 54. Bb5 Nb3+ 55. Kc3 Nc5 56. Kd4 Nb7 57. Be8 Na5 58. Bb5 Nc6+ 59.
Kd3 Kc5 60. Kc3 Nd4 61. Bd7 Ne2+ 62. Kd3 Nxf4+ 63. Ke3 Kd6 0-1

[Event "*** Titled Tuesday Blitz"]
[Site "Chess.com"]
[Date "2020.02.04"]
[Round "1"]
[White "Perecke"]
[Black "FedaMaster"]
[Result "1-0"]
[WhiteElo "2278"]
[BlackElo "2597"]
[TimeControl "180+2"]
[EndTime "13:10:52 PST"]
[Termination "Perecke won by resignation"]

1. e4 c5 2. Nf3 d6 3. d4 cxd4 4. Nxd4 Nf6 5. Nc3 g6 6. Be3 Bg7 7. f3 O-O 8. Qd2 Nc6 9. g4 Bxg4 10. fxg4 Nxg4 11. Nxc6 bxc6 12. Bd4 e5 13. Bg1 Rb8 14. Nd1 f5 15. exf5 Rxf5 16. Qg2 Qa5+ 17. c3 Qa4 18.
Bd3 Rf4 19. Be3 Nxe3 20. Nxe3 Rbf8 21. Rf1 d5 22. Rxf4 exf4 23. Nc2 f3 24. Qf2 Re8+ 25. Kf1 Qf4 26. Re1 Rf8 27. Nd4 Qg4 28. Re3 Bxd4 29. cxd4 Rf4 30. Bc2 Qh3+ 31. Ke1 Kg7 32. Bd1 Qf5 33.
Rxf3 Qe4+ 34. Kf1 Rxf3 35. Bxf3 Qb1+ 36. Qe1 Qxa2 37. Qe7+ Kh6 38. Qh4+ Kg7 39. Qe7+ Kh6 40. Qe3+ Kg7 41. Qc3 Qb1+ 42. Kf2 h5 43. Qxc6 Qxb2+ 44.
Ke3 Qa3+ 45. Kf4 Qf8+ 46. Kg3 h4+ 47. Kf2 Qf4 48. Qxd5 Qxh2+ 49. Ke3 h3 50. Qd7+ Kh6 51. Qd8 Qg1+ 52. Kf4 Qh2+ 53. Kg4 Qg1+ 54. Kxh3 Qf1+ 55. Kg3 Qg1+ 56. Kf4 Qc1+ 57. Ke4 Qc2+ 58. Kd5 Qb3+ 59. Ke4 Qe6+ 60. Kf4 Kg7 61. Be4 g5+ 62. Ke3 Qh3+ 63. Bf3 Qh4 64. Qe7+ Kg8 65. Bd5+ Kh8 66. Qf8+ Kh7 67.
Be4+ Qxe4+ 68. Kxe4 g4 69. Qf5+ 1-0

[Event "*** Titled Tuesday Blitz"]
[Site "Chess.com"]
[Date "2020.02.04"]
[Round "1"]
[White "heyiampotato"]
[Black "David_Paravyan"]
[Result "0-1"]
[WhiteElo "2463"]
[BlackElo "2857"]
[TimeControl "180+2"]
[EndTime "13:11:03 PST"]
[Termination "David_Paravyan won by resignation"]

1. d4 Nf6 2. c4 e6 3. Nf3 b6 4. a3 Bb7 5. Nc3 g6 6. Qd3 d5 7. Bg5 dxc4 8. Qxc4 Bg7 9. Qa4+ Nbd7 10.
e3 a6 11. Be2 O-O 12. O-O h6 13. Bh4 b5 14. Qc2 Qe7 15. Rac1 Rfc8 16. b4 e5 17. Rfe1 c6 18. Ne4 g5 19. Bg3 Nxe4 20. Qxe4 a5 21. dxe5 axb4 22. axb4 Nf8 23. Qg4 Ra4 24. h4 Rxb4 25.
Qh5 gxh4 26. Bxh4 Qe6 27. Nd4 Qxe5 28. Nf5 Rxh4 29. Nxh4 Qxh5 30. Bxh5 c5 31. Nf5 Rc7 32. Nd6 b4 33. Nxb7 Rxb7 34. Rxc5 b3 35. Be2 b2 36.
Rb5 Rc7 37. Bd3 Rc3 38. Bb1 Rc1 39. Rf1 Bf6 40. Rb7 Ne6 41. Rb6 Kg7 42. f3 Nc5 43.
Rb5 Na4 44. Rb7 Bc3 45. Rb3 Be5 46. Rb5 Bf6 47. Rb7 h5 48. Rb8 h4 49. Rb4 Nc5 50. Rb5 Ne6 51. Rb6 Nc7 52. Rb3 Nd5 53. Rd3 Nc3 54.
Rxc3 Bxc3 55. Kf2 Bd2 56. e4 Kf6 57. Ke2 Bf4 58. Rd1 Kg5 59. Rf1 f6 60. Rd1 Kh5 61.
Rf1 Kh6 62. Rd1 Kg5 63. Rf1 Be5 64. Rd1 Kf4 65. Rf1 Kg3 66. Rd1 Rxd1 67. Kxd1 Kxg2 0-1

[Event "*** Titled Tuesday Blitz"]
[Site "Chess.com"]
[Date "2020.02.04"]
[Round "1"]
[White "Galiev_Azat"]
[Black "chessdjw"]
[Result "1/2-1/2"]
[WhiteElo "2268"]
[BlackElo "2589"]
[TimeControl "180+2"]
[EndTime "13:11:04 PST"]
[Termination "Game drawn by repetition"]

1. d4 Nf6 2. Bf4 b6 3. e3 Bb7 4. Nf3 Nh5 5. Bg5 h6 6. Bh4 g5 7.
Bg3 Nxg3 8. hxg3 Bg7 9. Bd3 d6 10. c4 Nd7 11. Nc3 e6 12. Qc2 Qe7 13. O-O-O a6 14. Be4 c6 15. Kb1 d5 16. Bd3 dxc4 17.
Bxc4 b5 18. Bd3 c5 19. Be4 Bxe4 20. Nxe4 cxd4 21. Nxd4 Bxd4 22. Rxd4 f5 23. Rxd7 Kxd7 24. Rd1+ Ke8 25. Qc6+ Kf7 26. Rd7 fxe4 27. Rxe7+ Kxe7 28. Qxe4 Rac8 29. f4 gxf4 30. gxf4 Rhg8 31. f5 Kf6 32. Qxe6+ Kg5 33. f6 Rge8 34. Qf7 Rxe3 35. Qg7+ Kf4 36.
a3 Ree8 37. Qxh6+ Kf5 38. f7 Rf8 39. Qxa6 Rb8 40. Qd6 Kg5 41. Qe7+ Kg6 42. Qe6+ Kg7 43. Qd6 Rbd8 44. Qe5+ Kxf7 45. Qxb5 Rd6 46. g4 Rfd8 47. g5 Rd5 48. Qb7+ Kg6 49. Ka2 Kxg5 50. Qb4 Kf5 51. a4 Rd4 52. Qb5+ R8d5 53. Qe8 Re5 54. Qf7+ Ke4 55.
b3 Kd3 56. Ka3 Re1 57. Qf3+ Re3 58. Qd1+ Ke4 59. Qg4+ Kd5 60. Qf5+ Re5 61. Qd7+ Ke4 62. Qc6+ Kd3 63. Qf3+ Re3 64. Qf1+ Ke4 65. Qb1+ Rdd3 66.
a5 Kd5 67. Qh1+ Kc5 68. Qh5+ Kc6 69. Qg6+ Kb7 70. Qb6+ Ka8 71. Qa6+ Kb8 72. Qb5+ Ka8 73. Qc6+ Kb8 74. Qb5+ Ka8 75. Qa6+ Kb8 76. Qb5+ 1/2-1/2

[Event "*** Titled Tuesday Blitz"]
[Site "Chess.com"]
[Date "2020.02.04"]
[Round "1"]
[White "arminmusovic"]
[Black "pawnwonder"]
[Result "1-0"]
[WhiteElo "2536"]
[BlackElo "2085"]
[TimeControl "180+2"]
[EndTime "13:11:19 PST"]
[Termination "arminmusovic won by resignation"]

1. e4 c5 2. c3 Nf6 3. f3 e6 4. d4 Nxe4 5. fxe4 Qh4+ 6. Kd2 cxd4 7. Nf3 Qxe4 8. Bd3 Qg4 9. Qe2 dxc3+ 10. Nxc3 Nc6 11.
Kc2 Qxf3 12. Qxf3 Nd4+ 13. Kb1 Nxf3 14. gxf3 a6 15. a4 d6 16. Rg1 Bd7 17. a5 Bc6 18.
f4 g6 19. Na4 Bg7 20. Nb6 Rd8 21. f5 Bd4 22. Re1 e5 23. Bg5 Rb8 24. h4 Bxb6 25. axb6 Kd7 26. Ra5 Rbe8 27. Ra3 e4 28. Bc4 d5 29.
Bf1 f6 30. Bxf6 Rhf8 31. Bg7 Rf7 32. f6 Kd6 33. h5 Re5 34. h6 Rf5 35. Bh3 Rf2 36.
Rc1 Rh2 37. Ka2 d4 38. Rxc6+ Kxc6 39. Be6 Rxf6 40. Bxf6 d3 41. Bg5 Rh5 42. Bc1 Kxb6 43.
Rb3+ Kc6 44. Bc8 Ra5+ 45. Kb1 b6 46. Be6 Re5 47. Bg8 Rh5 48. Be3 b5 49. Rc3+ Kb7 50.
Bxh7 Rh3 51. Bc1 Rh1 52. Bxg6 d2 53. Bxe4+ Kb6 54. Bf3 dxc1=Q+ 55. Rxc1 Rxh6 56. Bd1 a5 57. Bb3 a4 58. Bf7 Rf6 59. Bh5 Rf5 60. Rh1 Rf8 61. Bd1 Rf5 62. Bc2 Rg5 63. Rh6+ Ka5 64. Rh8 Kb6 65. Ka2 Ka7 66. Rh6 Kb7 67. Be4+ Ka7 68.
Rc6 Re5 69. Bf3 Rf5 70. Be2 Rg5 71. Re6 Kb7 72. Ka3 Rd5 73. Bf3 1-0

[Event "*** Titled Tuesday Blitz"]
[Site "Chess.com"]
[Date "2020.02.04"]
[Round "1"]
[White "bazar-wokzal"]
[Black "CrushingKings"]
[Result "0-1"]
[WhiteElo "2534"]
[BlackElo "2152"]
[TimeControl "180+2"]
[EndTime "13:11:41 PST"]
[Termination "CrushingKings won by resignation"]

1. e4 c6 2. d4 g6 3. Nc3 Bg7 4. Bf4 d5 5. e5 f6 6. Qd2 Nd7 7. Nf3 fxe5 8. dxe5 Nc5 9. O-O-O Bg4 10. Be2 e6 11. Ng5 Bxe2 12. Nxe2 h6 13. Be3 hxg5 14. Bxc5 Bxe5 15. Nd4 Bf4 16. Nxe6 Bxd2+ 17. Rxd2 Qd7 18. Re1 Ne7 19. Bxe7 Kf7 20. Nxg5+ Kg7 21. Ne6+ Kg8 22. Bf6 Rxh2 23. Rde2 Re8 24. Kd1 Rxg2 25. Bd4 Rg4 26. Bxa7 Re4 27. Nc5 Rxe2 28. Nxd7 Rxe1+ 29. Kd2 R1e6 30.
Bd4 Kf7 31. Nc5 Re2+ 32. Kd3 b6 33. Na4 c5 34. Be3 R2xe3+ 35. fxe3 Re6 36. Nc3 Rd6 37. e4 dxe4+ 38. Kxe4 Rf6 39. Nd5 Rf2 40. Nxb6 g5 41.
Nc4 Rxc2 42. Kd3 Rg2 43. a4 g4 44. a5 Rh2 45. a6 Rh8 46. Ne5+ Ke6 47. Nxg4 Kd5 48.
Ne3+ Kc6 49. Kc4 Rh4+ 50. Kc3 Kb5 51. a7 Ra4 52. Nd5 Kc6 53. Ne7+ Kd7 54. Nd5 Rxa7 55.
b3 Kc6 56. Ne3 Rh7 57. Nc4 Rh3+ 58. Kb2 Kb5 59. Ka3 Rc3 60. Nd6+ Kc6 61. Nc4 Kd5 62. Nb6+ Kd4 63. Ka4 Rc1 64. Nd7 Kd5 65. Kb5 Rc3 66. b4 c4 67. Nb6+ Kd4 68. Na4 Rb3 69. Nc5 Rb1 70.
Ne6+ Ke5 71. Nc5 c3 72. Kc4 c2 73. Nd3+ Kd6 74. Kc3 c1=Q+ 75. Nxc1 Rxc1+ 0-1